AoeStats
← blabla

Lombardia

507399070Analyzed
3v3 RM · 13d ago on Sep 18, 2026· 19m 22s· 6 players
Game mode
Random Map
Map size
Normal (6 player)
Population
200
Speed
Normal
Resources
Standard
Victory
Conquest
Starting age
Dark Age
Ending age
Imperial Age
RankedLock teamsTeams togetherTeam positionsShared explorationLock speedFull tech treeHidden civsTurbo modeCheats
Victory
Defeat
🇦🇷 Britons · Argentina
1427
+12
🇦🇷 Saracens · Argentina
1425
+12
🇦🇷 Huns · Argentina
1396
+12
🇨🇴 Ethiopians · Colombia
1362
-13
🇨🇱 Lithuanians · Chile
1335
-12
🇵🇪 Vikings · Peru
1303
-11
ovejaelectrica
6:49 Loom
9:23 Feudal Age
11:51 Forging
13:12 Scale Barding Armor
NT_Tiberius
7:02 Loom
9:20 Feudal Age
9:53 Double-Bit Axe
14:02 Town Watch
16:37 Fletching
16:50 Padded Archer Armor
Dr. House
9:41 Feudal Age
10:12 Loom
10:13 Double-Bit Axe
11:34 Horse Collar
14:21 Gold Mining
14:50 Fletching
21:14 Castle Age
blabla
9:19 Loom
11:37 Feudal Age
16:34 Castle Age
15:27 Bloodlines
15:23 Scale Barding Armor
15:08 Double-Bit Axe
19:34 Forging
Rey Escorpion
6:34 Loom
8:59 Feudal Age
12:48 Fletching
13:14 Padded Archer Armor
14:47 Gold Mining
Michael J. Saylor
6:53 Loom
9:28 Feudal Age
10:43 Double-Bit Axe
15:41 Scale Barding Armor
16:26 Forging
Connection lost

Rejoining the realm…

Still unreachable

The connection could not be restored.

Session expired

The server has moved on; the page needs a fresh start.